AoeStats
← Nightfall

African Clearing

506500607Analyzed
3v3 RM · 19d ago on Sep 13, 2026· 39m 26s· 6 players
Game mode
Random Map
Map size
Normal (6 player)
Population
200
Speed
Normal
Resources
Standard
Victory
Conquest
Starting age
Dark Age
Ending age
Imperial Age
RankedLock teamsTeams togetherTeam positionsShared explorationLock speedFull tech treeHidden civsTurbo modeCheats
Victory
Defeat
🇺🇸 Chinese · United States
1502
+12
🇺🇸 Berbers · United States
1502
+12
🇺🇸 Vietnamese · United States
1502
+12
🇹🇷 Huns · Türkiye
1523
-16
🇺🇸 Mongols · United States
1358
-10
🇮🇹 Persians · Italy
1353
-10
chris_p
2:42 Loom
11:02 Feudal Age
11:42 Double-Bit Axe
13:17 Forging
15:11 Horse Collar
18:20 Wheelbarrow
21:17 Castle Age
19:24 Fletching
20:43 Bloodlines
22:00 Bodkin Arrow
22:22 Bow Saw
25:05 Ballistics
24:47 Padded Archer Armor
28:08 Town Watch
32:09 Leather Archer Armor
32:33 Husbandry
35:19 Hand Cart
39:02 Imperial Age
37:15 Gold Mining
38:37 Pikeman
39:19 Scale Mail Armor
39:55 Iron Casting
40:22 Iron Casting
39:26 Halberdier
Nightfall
12:25 Feudal Age
13:43 Loom
17:12 Castle Age
16:32 Stone Mining
17:36 Double-Bit Axe
20:20 Fletching
22:55 Town Watch
25:17 Horse Collar
28:41 Ballistics
29:12 Bow Saw
30:03 Wheelbarrow
29:45 Bodkin Arrow
33:25 Bloodlines
33:15 Husbandry
37:15 Imperial Age
35:24 Gold Mining
35:34 Light Cavalry
36:17 Husbandry
38:39 Scale Barding Armor
38:45 Forging
38:15 Light Cavalry
38:58 Heavy Camel Rider
JPsi
11:14 Loom
13:25 Feudal Age
17:47 Castle Age
15:34 Double-Bit Axe
17:37 Horse Collar
19:46 Bow Saw
20:46 Fletching
22:08 Bodkin Arrow
23:16 Town Watch
24:05 Padded Archer Armor
28:22 Ballistics
33:05 Imperial Age
32:28 Wheelbarrow
34:35 Paper Money
35:29 Chemistry
34:39 Bracer
35:31 Paper Money
35:31 Gold Mining
38:14 Pikeman
38:34 Elite Rattan Archer
39:30 Leather Archer Armor
alexgelas
3:48 Loom
12:45 Feudal Age
16:36 Castle Age
14:39 Double-Bit Axe
15:26 Stone Mining
17:37 Bow Saw
20:51 Fletching
25:22 Wheelbarrow
24:39 Horse Collar
26:32 Heavy Plow
26:53 Light Cavalry
29:30 Scale Barding Armor
30:16 Bloodlines
31:04 Chain Barding Armor
31:16 Husbandry
32:04 Forging
33:20 Bodkin Arrow
33:32 Town Watch
35:58 Ballistics
40:00 Imperial Age
37:46 Gold Mining
Janez
3:52 Loom
13:01 Feudal Age
13:29 Double-Bit Axe
13:44 Town Watch
20:02 Castle Age
20:59 Bow Saw
20:30 Horse Collar
24:34 Gold Mining
25:38 Heavy Plow
26:17 Scale Barding Armor
26:23 Forging
27:15 Wheelbarrow
30:50 Gold Shaft Mining
30:36 Bloodlines
30:50 Chain Barding Armor
32:36 Hand Cart
33:27 Stone Mining
36:00 Iron Casting
35:27 Husbandry
38:03 Imperial Age
38:21 Cavalier
Bombacı Mülayim
12:09 Feudal Age
14:23 Loom
16:42 Castle Age
16:06 Loom
16:43 Fletching
17:39 Double-Bit Axe
21:18 Bodkin Arrow
21:55 Padded Archer Armor
25:31 Bow Saw
28:56 Bloodlines
30:46 Husbandry
32:16 Ballistics
33:03 Town Watch
36:35 Horse Collar
38:10 Heavy Plow
Connection lost

Rejoining the realm…

Still unreachable

The connection could not be restored.

Session expired

The server has moved on; the page needs a fresh start.